 Dungeon Crawl Stone Soup version 0.30-a0-883-g5ad918d77d (webtiles) character file.

Game seed: 13858246094071025265

3038 lunkers the Black Belt (level 10, -9/80 HPs)
             Began as a Meteoran Venom Mage on Mar 16, 2023.
             Was a Believer of Ashenzari.
             Killed by the air
             ... invoked by Gastronok
              (37 damage)
             ... on level 9 of the Dungeon on Mar 17, 2023.
             The game lasted 00:23:08 (2801 turns).

lunkers the Black Belt (Meteoran Venom Mage)        Turns: 2801, Time: 00:23:08

Health: -9/80      AC:  5    Str: 11    XL:     10   Next: 32%
Magic:  10/19      EV: 15    Int: 20    God:    Ashenzari [**....]
Gold:   381        SH:  0    Dex: 15    Spells: 4/20 levels left

rFire   + + .      SeeInvis +      - Unarmed
rCold   . . .      Faith    .    (no shield)
rNeg    . . .      Spirit   .    w - +2 robe of the Ruined Free Will {Archmagi, Elem, Bglg} (curse)
rPois   .          Reflect  .    f - +0 helmet of the Perceptive Heavens {Alch, Elem} (curse)
rElec   .          Rampage  .    (no cloak)
rCorr   .          Archmagi +    (no gloves)
Will    +....                    (no boots)
Stlth   +                        (no amulet)
HPRegen 0.33/turn                j - ring "At What Cost Knowledge?" {rF+, Melee, Comp} (curse)
MPRegen 0.16/turn                t - ring "Shattered Portent" {rF+, Evo, Cun} (curse)

@: mighty, glowing
A: sense surroundings 2, otherworldly, glowing, explore regen
a: Renounce Religion, Shatter the Chains


You were on level 9 of the Dungeon.
You worshipped Ashenzari.
Ashenzari was pleased with you.
You visited 2 branches of the dungeon, and saw 10 of its levels.

You collected 401 gold pieces.
You spent 20 gold pieces at shops.

Inventory:

Hand Weapons
 i - a +4 falchion
 s - a +4 dagger
Armour
 f - the cursed +0 helmet of the Perceptive Heavens (worn) {Alch, Elem}
   (You found it on level 4 of the Dungeon)

   It has a curse which improves the following skills: Alchemy: Poison Magic and
   Transmutations.
   Elements:  Fire Magic, Ice Magic, Air Magic and Earth Magic.
 v - +0 steam dragon scales
 w - the cursed +2 robe of the Ruined Free Will (worn) {Archmagi, Elem, Bglg}
   (You took it off an orc wizard on level 8 of the Dungeon)

   It has a curse which improves the following skills: Elements: Fire Magic, Ice
   Magic, Air Magic and Earth Magic.
   Beguiling: Conjurations, Hexes and Translocations.
Magical Staves
 o - a staff of fire
Jewellery
 j - the cursed ring "At What Cost Knowledge?" (left hand) {rF+, Melee, Comp}
   (You found it on level 3 of the Dungeon)

   [ring of protection from fire]

   rF:        It protects you from fire.
   It has a curse which improves the following skills: Melee Combat: Short
   Blades, Long Blades, Axes, Maces & Flails, Polearms, Staves and Unarmed
   Combat.
   Companions: Summonings and Necromancy.
 t - the cursed ring "Shattered Portent" (right hand) {rF+, Evo, Cun}
   (You took it off a wight on level 7 of the Dungeon)

   [ring of protection from fire]

   rF:        It protects you from fire.
   It has a curse which improves the following skills: Evocations: Evocations.
   Cunning:   Dodging and Stealth.
Wands
 c - a wand of paralysis (9)
 p - a wand of iceblast (21)
 y - a wand of acid (4)
Scrolls
 e - a scroll of teleportation
 g - a scroll of immolation
 r - 2 scrolls of blinking
 u - a scroll of enchant weapon
Potions
 a - a potion of brilliance
 b - a potion of magic
 d - 2 potions of cancellation
 h - 2 potions of heal wounds
 k - a potion of lignification
 l - 2 potions of curing
 m - 2 potions of attraction
 n - a potion of invisibility
 q - a potion of might
 x - a potion of resistance


   Skills:
 - Level 4.7 Fighting
 - Level 5.9(7.1) Dodging
 - Level 1.4(2.2) Stealth
 - Level 15.0(16.2) Unarmed Combat
 - Level 5.6 Spellcasting
 * Level 1.2(2.0) Transmutations
 * Level 0.0(0.2) Air Magic
 - Level 8.0(9.3) Poison Magic


You had 4 spell levels left.
You knew the following spells:

 Your Spells              Type           Power      Damage    Failure   Level
b - Poisonous Vapours     Pois/Air       74%        N/A       2%          2
c - Olgreb's Toxic Radia  Pois           59%        N/A       2%          4
d - Storm Form            Tmut/Air       7%         N/A       100%        7
p - Sting                 Tmut/Pois      100%       1d8       1%          1
q - Passwall              Tmut/Erth      12%        N/A       11%         2

Your spell library contained the following spells:

 Spells                   Type           Power      Damage    Failure   Level
 Mephitic Cloud           Conj/Pois/Air  27%        N/A       9%          3
 Blink                    Tloc           18%        N/A       16%         2
 Ensorcelled Hibernation  Hex/Ice        18%        N/A       16%         2
 Static Discharge         Conj/Air       18%        2-3/arc   16%         2
 Dazzling Flash           Conj/Hex       18%        N/A       30%         3
 Swiftness                Air            9%         N/A       30%         3
 Vhi's Electric Charge    Tloc/Air       18%        N/A       30%         3
 Manifold Assault         Tloc           9%         N/A       71%         4
 Arcjolt                  Conj/Air       4%         1d14      95%         5
 Lightning Bolt           Conj/Air       4%         1d16      95%         5
 Silence                  Hex/Air        4%         N/A       95%         5
 Agony                    Necr           9%         N/A       96%         5


Dungeon Overview and Level Annotations

Branches:
Dungeon (9/15) Zot: 2672   Temple (1/1) D:7 Zot: 529
   Lair: D:8-11         Orc: D:9-12

Altars:
Ashenzari
Cheibriados
Dithmenos
Elyvilon
Fedhas
Gozag
Hepliaklqana
Kikubaaqudgha
Makhleb
Nemelex Xobeh
Okawaru
Qazlal
Sif Muna
Trog
Uskayaw
Vehumet
Xom
Yredelemnul
Zin
The Shining One

Shops:
D:1 *   D:7 *   D:9 (

Annotations:
D:9 Gastronok


Innate Abilities, Weirdness & Mutations

You passively map the area around you.
You are easily found by Zot.
You glow in the dark.
You regain HP and MP as you explore.


Message History

The bat's corpse disappears in a puff of smoke!
You kill the rat!
The rat's corpse disappears in a puff of smoke!
You kill the bat!
The bat's corpse disappears in a puff of smoke!
Unknown command.
Found Nitrewed's Antique Weapon Emporium.
Gastronok waves his eye-stalks in wide circles.
The air twists around and strikes you!!!
Ouch! That really hurt!
* * * LOW HITPOINT WARNING * * *
Gastronok looks as sick as possible!
Your toxic aura wanes.
Gastronok waves his eye-stalks in wide circles.
The air twists around and strikes you!
* * * LOW HITPOINT WARNING * * *
Casting: Olgreb's Toxic Radiance (dangerous; 2% risk of failure)
Confirm with . or Enter, or press ? or * to list all spells.
You feel a surge of power!
You begin to radiate toxic energy.
Gastronok looks as sick as possible!
Unknown command.
Unknown command.
You feel very mighty all of a sudden.
You punch Gastronok!
Gastronok is moderately wounded.
You punch Gastronok!
Gastronok is moderately wounded.
Gastronok looks as sick as possible!
Your toxic aura wanes.
Gastronok casts a spell at you.
You struggle to resist.
You pummel Gastronok!!
Gastronok is heavily wounded.
You pummel Gastronok!!
Gastronok is severely wounded.
You punch Gastronok!
Gastronok is severely wounded.
Gastronok waves his eye-stalks in wide circles.
The air twists around and strikes you!!!
You die...

, , , ##### ,, ##### .#...# ,
#...# #.#.∩.# * , #...#
#####.#...# *, * ** #...#
#.....#.>.# ,., ,,,
##...####.....#.c.#,.## , ,,, , ,
.'...'..#.....#####...# , , , ,
##...##.........@w....# , ,
.....###...#)......<#.# .. ,
.....# ###............#.........,
.....#** ##...........#..........
.....+...........?...............
.....######..######+#.#..........
..#### ##+##.......#>........,
.## #...............##......#* '♣
* #............<..##......###


You could see Gastronok (extremely poisoned) and a centaur.

Vanquished Creatures
  Joseph (D:7)
  Prince Ribbit (Temple)
  A wyvern (D:8)
  A steam dragon (D:8)
  Menkaure (D:5)
  A water moccasin (D:8)
  An orc warrior (D:8)
  A black bear (D:4)
  An ice beast (D:7)
  2 ogres
  4 centaurs
  A scorpion (D:6)
  5 wights (D:7)
  11 killer bees (D:9)
  An orc priest (D:9)
  A jelly (D:5)
  4 hounds
  A gnoll bouda (D:8)
  3 iguanas
  A sleepcap (D:8)
  An orc wizard (D:8)
  Ijyb (D:4)
  3 gnolls (D:8)
  3 adders
  A white imp (D:6)
  An ufetubus (D:6)
  A dart slug (D:4)
  10 orcs
  3 endoplasms
  3 goblins
  3 hobgoblins (D:2)
  4 jackals
  3 quokkas
  4 ball pythons
  A bat (D:2)
  A frilled lizard (D:2)
  7 kobolds
  2 rats (D:2)
95 creatures vanquished.

Notes
Turn   | Place    | Note
-------+----------+-------------------------------------------
     0 | D:1      | lunkers the Meteoran Venom Mage began the quest for the
                  | Orb.
     0 | D:1      | Reached XP level 1. HP: 14/14 MP: 5/5
    23 | D:1      | Found Wahausyrch's General Store.
   104 | D:2      | Reached XP level 2. HP: 20/20 MP: 4/6
   156 | D:2      | Learned a level 2 spell: Poisonous Vapours
   227 | D:2      | Reached XP level 3. HP: 24/26 MP: 2/8
   246 | D:2      | Found a broken altar of Ashenzari.
   256 | D:2      | Became a worshipper of Ashenzari the Shackled
   344 | D:2      | Found a faded altar of an unknown god.
   517 | D:3      | Found a shimmering altar of Xom.
   518 | D:3      | Found a sparkling altar of Nemelex Xobeh.
   518 | D:3      | Found a stormy altar of Qazlal.
   518 | D:3      | Found a blossoming altar of Fedhas.
   774 | D:4      | Noticed a black bear
   784 | D:4      | Killed a black bear
   785 | D:4      | Reached skill level 5 in Poison Magic
   785 | D:4      | Reached XP level 4. HP: 24/33 MP: 0/11
   785 | D:4      | Reached XP level 5. HP: 28/38 MP: 0/12
   808 | D:3      | Learned a level 4 spell: Olgreb's Toxic Radiance
   873 | D:4      | Found a white marble altar of Elyvilon.
   987 | D:4      | Reached XP level 6. HP: 40/45 MP: 1/13
  1030 | D:4      | Noticed Ijyb
  1036 | D:4      | Killed Ijyb
  1167 | D:5      | Entered Level 5 of the Dungeon
  1219 | D:5      | Noticed an ogre
  1225 | D:5      | Killed an ogre
  1226 | D:5      | Reached skill level 5 in Spellcasting
  1226 | D:5      | Reached XP level 7. HP: 50/50 MP: 6/15
  1306 | D:5      | Noticed Menkaure
  1309 | D:5      | Killed Menkaure
  1310 | D:5      | Reached skill level 3 in Unarmed Combat
  1339 | D:6      | Reached * piety under Ashenzari
  1358 | D:6      | Reached skill level 4 in Unarmed Combat
  1385 | D:6      | Reached XP level 8. HP: 48/57 MP: 17/17
  1418 | D:6      | Noticed a two-headed ogre
  1449 | D:6      | Reached skill level 5 in Unarmed Combat
  1510 | D:6      | Reached skill level 6 in Unarmed Combat
  1562 | D:6      | Reached ** piety under Ashenzari
  1579 | D:7      | Noticed Joseph
  1579 | D:7      | Noticed Prince Ribbit
  1587 | D:7      | Found a staircase to the Ecumenical Temple.
  1639 | D:7      | Reached skill level 7 in Unarmed Combat
  1655 | Temple   | Entered the Ecumenical Temple
  1672 | Temple   | Killed Prince Ribbit
  1673 | Temple   | Reached skill level 9 in Unarmed Combat
  1734 | D:7      | Reached skill level 10 in Unarmed Combat
  1777 | D:7      | Reached skill level 11 in Unarmed Combat
  1777 | D:7      | Gained mutation: You passively map the area around you.
                  | [Meteoran growth]
  1777 | D:7      | Reached XP level 9. HP: 13/60 MP: 12/18
  1788 | D:7      | Learned a level 7 spell: Storm Form
  1916 | D:7      | Found a shadowy altar of Dithmenos.
  1924 | D:7      | Found Hywurgh's Assorted Antiques.
  1934 | D:7      | Bought a scroll labelled ZERYUF ISTRUKK for 20 gold pieces
  1956 | D:7      | Paralysed by Joseph for 2 turns
  1967 | D:7      | Killed Joseph
  1968 | D:7      | Reached skill level 12 in Unarmed Combat
  2241 | D:8      | Reached skill level 13 in Unarmed Combat
  2630 | D:9      | Reached skill level 5 in Dodging
  2630 | D:9      | Reached skill level 14 in Unarmed Combat
  2630 | D:9      | Reached XP level 10. HP: 74/78 MP: 19/19
  2738 | D:9      | Learned a level 2 spell: Passwall
  2740 | D:9      | Found a shimmering blue altar of Sif Muna.
  2754 | D:9      | Reached skill level 15 in Unarmed Combat
  2786 | D:9      | Noticed Gastronok
  2792 | D:9      | Found Nitrewed's Antique Weapon Emporium.
  2801 | D:9      | Killed from afar by Gastronok

Illustrated notes

Levels and vault maps discovered:
D:1:      lemuel_arrival_cross, layout_loops_cross, serial_shops,
          nicolae_shop_hallway_plus, shop,
          nicolae_shop_temple_entry_statues_fountains
D:2:      layout_rooms, shapermc_ecumenical_altar_ellora, basic_altar
D:3:      layout_basic, chequers_temple_overflow_statue_of_worship
D:4:      layout_basic, nicolae_overflow_two_pavilions, elyvilon_altar_4,
          kennysheep_generic_room_3, uniq_ijyb, uniq_duvessa
D:5:      layout_basic, uniq_menkaure
D:6:      layout_basic
D:7:      layout_rooms, lemuel_doored_altar, minmay_temple_entry_large_hall,
          serial_shops, kennysheep_little_box, uniq_prince_ribbit1, uniq_joseph
D:8:      layout_loops_ring
D:9:      layout_basic, mainiacjoe_overflow_six_doors_small,
          nicolae_take_the_stairs, kennysheep_nub, uniq_gastronok
Temple:   cyrus_circular_temple

Skill      XL: |  1  2  3  4  5  6  7  8  9 10 |
---------------+-------------------------------+-----
Poison Magic   | 4 5 6 7 8 |  8.0
Spellcasting   | 3 4 5 |  5.6
Unarmed Combat | 4 11 14 15 | 15.0
Fighting       | 3 4 |  4.7
Dodging        | 5 |  5.9
Stealth        | |  1.4
Transmutations | |  1.2

Action                     |  1- 3 |  4- 6 |  7- 9 | 10-12 || total
---------------------------+-------+-------+-------+-------++-------
  Melee: Unarmed           |     1 |       |    82 |    22 ||   105
         Falchion          |     1 |    22 |    28 |       ||    51
         Punch             |       |       |     6 |     1 ||     7
         Dagger            |       |       |     2 |       ||     2
   Cast: Sting             |    58 |     8 |     6 |       ||    72
         Poisonous Vapours |     3 |    19 |    32 |     4 ||    58
         Olgreb's Toxic Ra |       |     2 |     7 |     7 ||    16
 Invoke: Curse Item        |       |     1 |     3 |     1 ||     5
         Shatter the Chain |       |       |     1 |       ||     1
  Evoke: Wand              |       |     1 |     9 |       ||    10
    Use: Scroll            |     5 |     3 |     1 |       ||     9
         Potion            |       |       |     2 |     1 ||     3
 Armour: Robe              |    11 |     7 |    13 |    14 ||    45
  Dodge: Dodged            |    30 |    17 |    62 |    25 ||   134

Table legend: (Time is in decaauts)
 A = Elapsed time spent in this place.
 B = Non-inter-level travel time spent in this place.
 C = Inter-level travel time spent in this place.
 D = Time resting spent in this place.
 E = Time spent auto-exploring this place.
 F = Levels seen in this place.
 G = Mean time per level.
                   A        B        C        D        E       F      G
               +--------+--------+--------+--------+--------+-----+--------+
         Total |   2797 |   2738 |     59 |      0 |   1760 |  10 |  279.7 |
       Dungeon |   2727 |   2675 |     52 |      0 |   1729 |   9 |  303.0 |
        Temple |     70 |     63 |      7 |      0 |     31 |   1 |   70.0 |
               +--------+--------+--------+--------+--------+-----+--------+

Top non-repeatable levels by time:
     D:8: 550 daAuts
     D:7: 421 daAuts
     D:4: 372 daAuts
     D:3: 339 daAuts
     D:2: 333 daAuts
     D:6: 261 daAuts
     D:9: 169 daAuts
     D:5: 150 daAuts
     D:1: 129 daAuts
  Temple: 70 daAuts
